 Dungeon Crawl Stone Soup version 0.24-a0-584-g9d6b971ae4 (webtiles) character file.

Game seed: 8329443614842429913, levelgen mode: deterministic

4 Gargoyl the Skirmisher (level 1, 0/19 HPs)
             Began as a Centaur Abyssal Knight on Sept 3, 2019.
             Was an Initiate of Lugonu.
             Slain by a giant cockroach (1 damage)
             ... on level 1 of the Dungeon.
             The game lasted 00:00:42 (248 turns).

Gargoyl the Skirmisher (Centaur Abyssal Knight)      Turns: 248, Time: 00:00:43

Health: 0/19       AC:  4    Str: 14    XL:     1   Next: 50%
Magic:  2/2        EV:  9    Int: 11    God:    Lugonu [......]
Gold:   15         SH:  0    Dex:  8    Spells: 0/0 levels left

rFire    + . .     SeeInvis .   a - +1 hand axe
rCold    . . .     Gourm    .   (no shield)
rNeg     . . .     Faith    .   b - +0 leather armour
rPois    .         Spirit   .   (no helmet)
rElec    .         Reflect  .   (no cloak)
rCorr    .         Harm     .   (no gloves)
MR       .....                  (no barding)
Stlth    ..........             (no amulet)
HPRegen  0.06/turn              d - ring of protection from fire
MPRegen  0.08/turn              (no ring)

@: very quick
A: large, hooves 3, deformed body, speed 2, tough skin 3
a: Renounce Religion


You were on level 1 of the Dungeon.
You worshipped Lugonu.
Lugonu was noncommittal.
You were not hungry.

You visited 1 branch of the dungeon, and saw 1 of its levels.
You visited the Abyss 1 time.

You collected 15 gold pieces.

Inventory:

Hand Weapons
 a - a +1 hand axe (weapon)
Armour
 b - a +0 leather armour (worn)
Jewellery
 d - a ring of protection from fire (left hand)
Comestibles
 c - a ration


   Skills:
 + Level 3.1 Fighting
 + Level 1.7 Axes
 * Level 1.4 Armour
 * Level 0.7 Dodging
 * Level 2.0 Invocations


You couldn't memorise any spells.
You didn't know any spells.
Your spell library was empty.

Dungeon Overview and Level Annotations

Branches:
Dungeon (1/15)

Altars:


Innate Abilities, Weirdness & Mutations

You have hooves in place of feet.
Armour fits poorly on your strangely shaped body.
You cover ground very quickly.
You have extremely tough skin. (AC +3)


Message History

The ball python hisses angrily.
A giant cockroach comes into view.
The hobgoblin hits you with a +0 club.
You barely miss the hobgoblin. Your kick misses the hobgoblin.
You hit the ball python. The ball python barely misses you.
The hobgoblin hits you with a +0 club. The ball python bites you.
You hit the hobgoblin but do no damage. You kick the hobgoblin.
The hobgoblin is severely wounded.
You closely miss the giant cockroach. You barely miss the ball python.
The giant cockroach closely misses you. The hobgoblin hits you with a +0 club.
* * * LOW HITPOINT WARNING * * *
The ball python barely misses you.
You hit the hobgoblin.
You kill the hobgoblin!
Lugonu accepts your kill.
You hit the giant cockroach. You hit the ball python.
You kill the ball python!
Lugonu accepts your kill. The giant cockroach closely misses you.
The giant cockroach bites you.
You die...

#........ .........
.# ........# .#
........##.###
.............#
.............#
......)†.....#
......s@.....#
.............#
.............#
...........### .#
.........†..## #.#
.............## #.#
..............## #.#
..#........#...###.##
.........##...##..#


You could see a giant cockroach.

Vanquished Creatures
  A goblin (D:1)
  A hobgoblin (D:1)
  A ball python (D:1)
  A rat (D:1)
4 creatures vanquished.

Notes
Turn   | Place    | Note
-------+----------+-------------------------------------------
     0 | Abyss:1  | Gargoyl the Centaur Abyssal Knight began the quest for the
                  | Orb.
     0 | Abyss:1  | Reached XP level 1. HP: 19/19 MP: 2/2
    53 | Abyss:1  | Noticed a worldbinder
   101 | Abyss:1  | Noticed a small abomination
   151 | Abyss:1  | Noticed a small abomination
   151 | Abyss:1  | Noticed a shadow
   164 | Abyss:1  | Noticed a large abomination
   216 | Abyss:1  | Noticed a shadow
   220 | Abyss:1  | Noticed a raiju
   223 | D:1      | Escaped the Abyss
   248 | D:1      | Slain by a giant cockroach

Levels and vault maps discovered:
D:1:      elethiomel_arrival_shortcut, layout_rooms, serial_co_window_serial,
          co_window_corner_a, co_window_of_opportunity_a, co_window_paths_b,
          co_window_paths_a, co_window_corner_a, co_window_broadway_c,
          co_window_corner_b, co_window_broadway_a, co_window_broadway_c,
          co_window_4corner_a, glass_columns_c

Action                   || total
-------------------------++-------
Melee: Hand axe          ||     7
       Kick              ||     1
Invok: Depart the Abyss  ||     1
  Use: Potion            ||     2
       Scroll            ||     1
Armor: Leather armour    ||     1
Dodge: Dodged            ||     4

Table legend:
 A = Non-vault XP
 B = Vault XP
 C = Vault XP percentage of total XP
 D = Non-vault monster count
 E = Vault monster count
 F = Vault count percentage of total count
                 A         B        C        D         E       F
            +---------+---------+-------+---------+---------+-------
      Total |       6 |       0 |   0.0 |       4 |       0 |   0.0
            +---------+---------+-------+---------+---------+-------
        D:1 |       6 |       0 |   0.0 |       4 |       0 |   0.0
            +---------+---------+-------+---------+---------+-------
